 Dungeon Crawl Stone Soup version 0.28-a0-643-g84cb2ea78e (webtiles) character file.

Game seed: 1770315805158657713

1337 Irenicus the Geomancer (level 8, -5/62 HPs)
             Began as a Deep Dwarf Earth Elementalist on Oct 10, 2021.
             Slain by a wight (12 damage)
             ... on level 8 of the Dungeon.
             The game lasted 00:21:28 (2910 turns).

Irenicus the Geomancer (DDEE)                       Turns: 2910, Time: 00:21:28

Health: -5/62      AC:  6    Str: 18    XL:     8   Next: 35%
Magic:  13/15      EV: 12    Int: 18    God:
Gold:   348        SH:  0    Dex: 13    Spells: 10/16 levels left

rFire   . . .      SeeInvis .   f - +10 hand axe "Mug Bop" {flame, Str+6}
rCold   + . .      Faith    .   (no shield)
rNeg    . . .      Spirit   .   s - +0 leather armour {rPois}
rPois   +          Reflect  .   m - +0 helmet
rElec   .          Harm     .   o - +1 cloak
rCorr   +          Rampage  .   (no gloves)
Will    +....                   (no boots)
Stlth   ++........              (no amulet)
HPRegen 0.00/turn               C - ring of protection from cold
MPRegen 0.14/turn               R - ring of resist corrosion

@: attractive
A: damage resistance, heal wounds, sense surroundings 1, no regeneration,
mutation resistance 1
a: Heal Wounds


You were on level 8 of the Dungeon.
You visited 2 branches of the dungeon, and saw 9 of its levels.

You collected 348 gold pieces.


Innate Abilities, Weirdness & Mutations

You are resistant to damage.
You can heal yourself by infusing magical energy.
You passively map a small area around you.
You do not regenerate.
You are somewhat resistant to further mutation.


   Skills:
 - Level 2.1 Dodging
 - Level 2.4 Stealth
 + Level 4.9 Spellcasting
 - Level 0.8 Transmutations
 + Level 11.8 Earth Magic


You had 10 spell levels left.
You knew the following spells:

 Your Spells              Type           Power      Damage    Failure   Level
t - Stone Arrow           Conj/Erth      50%        3d10      4%          3
w - Passwall              Tmut/Erth      22%        N/A       1%          2
z - Sandblast             Erth           94%        2d19      1%          1

Your spell library contained the following spells:

 Spells                   Type           Power      Damage    Failure   Level
 Petrify                  Tmut/Erth      27%        N/A       12%         4
 Slow                     Hex            4%         N/A       24%         2
 Confusing Touch          Hex            4%         N/A       43%         3
 Inner Flame              Hex/Fire       4%         N/A       43%         3
 Ice Form                 Ice/Tmut       6%         N/A       78%         4
 Cause Fear               Hex            2%         N/A       85%         4
 Hailstorm                Conj/Ice       4%         3d4       85%         4
 Yara's Violent Unravell  Hex/Tmut       3%         3d4       98%         5
 Simulacrum               Ice/Necr       2%         N/A       100%        6
 Discord                  Hex            2%         N/A       100%        8

Inventory:

Hand Weapons
 f - the +10 hand axe "Mug Bop" (weapon) {flame, Str+6}
   (You found it on level 6 of the Dungeon)

   It burns those it strikes, dealing additional fire damage.
   Big, fiery blades are also staple armaments of hydra-hunters.
   Str:       It affects your strength (+6).
 j - a +4 dagger
Missiles
 c - 88 stones
 e - 9 poisoned darts
Armour
 l - a scarf of invisibility
 m - a +0 helmet (worn)
 o - a +1 cloak (worn)
 s - a +0 leather armour of poison resistance (worn)
Magical Staves
 w - a staff of air {!a}
Jewellery
 r - an amulet of faith {!P}
 C - a ring of protection from cold (left hand)
 R - a ring of resist corrosion (right hand)
Scrolls
 d - 3 scrolls of identify {unknown}
 g - 2 scrolls of fog
 i - 2 scrolls of silence {unknown}
 t - 2 scrolls of vulnerability {unknown}
 u - a scroll of blinking {unknown}
Potions
 a - a potion of haste {unknown}
 b - 5 potions of curing {unknown}
 h - 2 potions of resistance {unknown}
 k - a potion of degeneration {unknown}
 n - a potion of attraction
 p - 2 potions of mutation
 q - a potion of might {unknown}
 v - 2 potions of brilliance {unknown}

Dungeon Overview and Level Annotations

Branches:
Dungeon (8/15)             Temple (1/1) D:5
   Lair: D:8-11

Altars:
Ashenzari
Cheibriados
Dithmenos
Elyvilon
Fedhas
Gozag
Hepliaklqana
Kikubaaqudgha
Nemelex Xobeh
Okawaru
Qazlal
Ru
Sif Muna
Trog
Uskayaw
Vehumet
Xom
Yredelemnul
Zin
The Shining One
Beogh

Shops:
D:6 =   D:7 [

Annotations:
D:3 3 runed translucent doors, askman's ghost, weakling DsFi
D:4 3 runed translucent doors, sn0wgr3's ghost, novice GrFi

#....................<#
##.#########.###.#....#
#.# #.....#.# #.# ..# ,
#.# #.###.#.###.#.#,,#*
#.# #.# #<#...#.#[# , ,
#.# #.#####.#,#.#.# * ,
#.# #.......# #.#c# ,,
#.# #######.# #.#.# #.#
#.# #@#.# ' #
#.#########.#
#z#.##...#
#...........#
#cz§zzz..#
#############
#.####z..# ,, ,, #.# ,
# * ** #.# *, , , ,#.#
, * *, , ,... * * ... ,
,


You could see a centaur and 2 wights.


Message History

Found a ring mail.
The centaur shouts!
The centaur unwields the +9 hand axe "Beetlebane" {elec, rF+}.
It stops crackling.
The centaur wields a +0 shortbow.
The centaur shoots an arrow.
The arrow hits you!
* * * LOW HITPOINT WARNING * * *
A wight comes into view. It is wielding a +0 dagger.
It was a potion of attraction.
You feel attractive to monsters. The wight is attracted toward you. x4
Casting: Passwall (safe; 1% risk of failure)
Confirm with . or Enter, or press ? or * to list all spells.
Aiming: Sandblast (safe; 1% risk of failure)
Press: ? - help, Shift-Dir - straight line, f - wight
Aim: a wight, wielding a +0 great sword and wearing a +0 robe (83% to hit)
The blast of sand hits the wight!!
You destroy the wight!
Casting: Sandblast (safe; 1% risk of failure)
Confirm with . or Enter, or press ? or * to list all spells.
Aiming: Sandblast (safe; 1% risk of failure)
Press: ? - help, Shift-Dir - straight line, f - wight
Aim: a wight, wielding a +1 dire flail and wearing a +0 robe (83% to hit)
The blast of sand hits the wight!
The wight is almost destroyed.
The wight hits you with a +1 dire flail!
* * * LOW HITPOINT WARNING * * *
It was a potion of mutation.
You feel extremely strange.
You feel genetically stable.
The wight hits you with a +1 dire flail!
You die...

Skill      XL: |  1  2  3  4  5  6  7 |
---------------+----------------------+-----
Earth Magic    | 5 6 7 9 10 11 | 11.8
Spellcasting   | 2 4 |  4.9
Dodging        | |  2.1
Stealth        | |  2.4
Transmutations | |  0.8

Action                   |  1- 3 |  4- 6 |  7- 9 || total
-------------------------+-------+-------+-------++-------
Melee: Unarmed           |     1 |       |       ||     1
       Dagger            |    38 |    19 |     3 ||    60
       Club              |     3 |       |       ||     3
 Cast: Sandblast         |    48 |    58 |    53 ||   159
       Passwall          |     1 |     4 |     7 ||    12
       Stone Arrow       |       |     1 |     4 ||     5
 Abil: Heal Wounds       |     1 |       |       ||     1
  Use: Scroll            |       |     4 |     1 ||     5
       Potion            |       |       |     2 ||     2
 Stab: Sleeping          |     2 |     3 |       ||     5
Armor: Robe              |     8 |       |       ||     8
       Leather armour    |    13 |    11 |     3 ||    27
Dodge: Dodged            |    28 |    11 |    14 ||    53

Levels and vault maps discovered:
D:1:      lightli_arrival_flooded_house, layout_basic,
          dreamdust_ecumenical_altar_angels_and_demons
D:2:      layout_rooms, basic_altar, minmay_quadrilaterals
D:3:      layout_loops_cross, biasface_ghost_orc_armoury
D:4:      layout_cave_pools, lemuel_mausoleum_altar_yredelemnul,
          grunt_gozag_breadcrumbs, gammafunk_ghost_nasty_kobolds,
          uniq_crazy_yiuf_cottage
D:5:      layout_basic, grunt_temple_overflow_diamond,
          minmay_temple_entry_nine_rooms
D:6:      layout_loops_ring, minmay_shop_enchanted_jewellery, chequers_avenue
D:7:      layout_cave_pools, nemelex_dance_club_becter, serial_shops,
          nicolae_diamond_shop, kennysheep_generic_room_6
D:8:      layout_basic, nzn_wu_jian_contemplation, eino_jars
Temple:   jpeg_temple_clearing

Notes
Turn   | Place    | Note
-------+----------+-------------------------------------------
     0 | D:1      | Irenicus the Deep Dwarf Earth Elementalist began the quest
                  | for the Orb.
     0 | D:1      | Reached XP level 1. HP: 15/15 MP: 3/3
    67 | D:1      | Found a faded altar of an unknown god.
   139 | D:1      | Reached XP level 2. HP: 16/22 MP: 2/4
   233 | D:1      | Reached skill level 5 in Earth Magic
   428 | D:1      | Learned a level 2 spell: Passwall
   458 | D:2      | Reached XP level 3. HP: 16/28 MP: 1/5
   489 | D:2      | Found a shadowy altar of Dithmenos.
   511 | D:2      | Reached skill level 6 in Earth Magic
   740 | D:2      | Reached XP level 4. HP: 30/36 MP: 2/6
   769 | D:2      | Reached skill level 7 in Earth Magic
   999 | D:3      | Noticed askman's ghost (weakling DsFi)
  1000 | D:3      | Found a runed translucent gate.
  1000 | D:3      | Found a runed translucent gate.
  1000 | D:3      | Found a runed translucent gate.
  1001 | D:3      | Identified the +8 hunting sling "Kutimel" {vorpal, *Corrode
                  | rC- rN+++ Dex+7}
  1001 | D:3      | Identified the +1 scale mail "Boatzask" {+Blink rC+}
  1013 | D:3      | Reached XP level 5. HP: 26/42 MP: 2/7
  1015 | D:3      | Reached skill level 8 in Earth Magic
  1393 | D:4      | Found a runed translucent door.
  1394 | D:4      | Noticed Crazy Yiuf
  1399 | D:4      | Killed Crazy Yiuf
  1400 | D:4      | Reached skill level 9 in Earth Magic
  1400 | D:4      | Reached XP level 6. HP: 23/49 MP: 1/8
  1458 | D:5      | Entered Level 5 of the Dungeon
  1477 | D:5      | Found a staircase to the Ecumenical Temple.
  1486 | Temple   | Entered the Ecumenical Temple
  1659 | D:5      | Learned a level 3 spell: Stone Arrow
  1694 | D:5      | Reached skill level 2 in Spellcasting
  1799 | D:4      | Found a runed translucent gate.
  1799 | D:4      | Found a runed translucent gate.
  1799 | D:4      | Found a runed translucent gate.
  1800 | D:4      | Noticed sn0wgr3's ghost (novice GrFi)
  1852 | D:4      | Found an opulent altar of Gozag.
  1877 | D:4      | Reached skill level 10 in Earth Magic
  1877 | D:4      | Reached XP level 7. HP: 26/55 MP: 8/11
  1959 | D:4      | Found a basalt altar of Yredelemnul.
  2076 | D:5      | Reached skill level 3 in Spellcasting
  2126 | D:5      | Found a hazy altar of Hepliaklqana.
  2129 | D:5      | Found a snail-covered altar of Cheibriados.
  2132 | D:5      | Found a bloodstained altar of Trog.
  2486 | D:6      | Found Soenoh's Jewellery Shoppe.
  2493 | D:6      | Reached skill level 4 in Spellcasting
  2493 | D:6      | Reached skill level 11 in Earth Magic
  2536 | D:6      | Identified the +10 hand axe "Mug Bop" {flame, Str+6}
  2635 | D:6      | Reached XP level 8. HP: 24/62 MP: 9/14
  2717 | D:7      | Found Lufet's Antique Armour Emporium.
  2806 | D:7      | Found a sparkling altar of Nemelex Xobeh.
  2881 | D:8      | Identified the +9 hand axe "Beetlebane" {elec, rF+}
  2910 | D:8      | Gained mutation: You are somewhat resistant to further
                  | mutation. [potion of mutation]
  2910 | D:8      | Slain by a wight

Vanquished Creatures
  A black bear (D:6)
  An orc warrior (D:7)
  A necrophage (D:6)
  2 ogres
  A phantom (D:5)
  A scorpion (D:5)
  A water moccasin zombie (D:6)
  A wight (D:8)
  2 bullfrog zombies (D:6)
  A human zombie (D:4)
  A gnoll shaman (D:6)
  Crazy Yiuf (D:4)
  2 jellies
  2 orc priests (D:3)
  An iguana (D:5)
  3 orc wizards
  11 gnolls
  8 adders
  A white imp (D:6)
  An ufetubus (D:5)
  An adder skeleton (D:4)
  2 worms
  2 dart slugs (D:3)
  6 orcs
  7 ball pythons
  6 bats
  6 endoplasms
  4 giant cockroaches
  10 goblins
  8 hobgoblins
  4 jackals (D:1)
  5 quokkas (D:3)
  5 frilled lizards
  2 kobolds
  8 rats
119 creatures vanquished.

Vanquished Creatures (others)
  3 fungi (D:4)
  A plant (D:4)
4 creatures vanquished.

Grand Total: 123 creatures vanquished

Table legend: (Time is in decaauts)
 A = Elapsed time spent in this place.
 B = Non-inter-level travel time spent in this place.
 C = Inter-level travel time spent in this place.
 D = Time resting spent in this place.
 E = Time spent auto-exploring this place.
 F = Levels seen in this place.
 G = Mean time per level.
                   A        B        C        D        E       F      G
               +--------+--------+--------+--------+--------+-----+--------+
         Total |   2907 |   2836 |     71 |      0 |     24 |   9 |  323.0 |
       Dungeon |   2825 |   2754 |     71 |      0 |     24 |   8 |  353.1 |
        Temple |     81 |     81 |      0 |      0 |      0 |   1 |   81.0 |
               +--------+--------+--------+--------+--------+-----+--------+

Top non-repeatable levels by time:
     D:3: 488 daAuts
     D:6: 446 daAuts
     D:1: 445 daAuts
     D:5: 423 daAuts
     D:2: 402 daAuts
     D:4: 380 daAuts
     D:7: 166 daAuts
  Temple: 81 daAuts
     D:8: 71 daAuts

Table legend:
 A = Non-vault XP
 B = Vault XP
 C = Vault XP percentage of total XP
 D = Non-vault monster count
 E = Vault monster count
 F = Vault count percentage of total count
                 A         B        C        D         E       F
            +---------+---------+-------+---------+---------+-------
      Total |    1681 |     230 |  12.0 |     111 |       8 |   6.7
            +---------+---------+-------+---------+---------+-------
        D:1 |      38 |       0 |   0.0 |      23 |       0 |   0.0
        D:2 |      83 |      19 |  18.6 |      20 |       4 |  16.7
        D:3 |     226 |       0 |   0.0 |      30 |       0 |   0.0
        D:4 |      60 |      84 |  58.3 |       8 |       2 |  20.0
        D:5 |     466 |       0 |   0.0 |      12 |       0 |   0.0
        D:6 |     581 |       0 |   0.0 |      14 |       0 |   0.0
        D:7 |     171 |     127 |  42.6 |       3 |       2 |  40.0
        D:8 |      56 |       0 |   0.0 |       1 |       0 |   0.0
            +---------+---------+-------+---------+---------+-------
